 Dungeon Crawl Stone Soup version 0.30.1-9-gdf580d7c3d (webtiles) character file.

Game seed: 12806824132318076530

71 monsoonserge the Ducker (level 4, 0/40 HPs)
             Began as a Meteoran Monk on Oct 18, 2023.
             Slain by a goblin
             ... wielding a +1 dagger of electrocution
             ... led by Robin
              (2 damage)
             ... on level 3 of the Dungeon.
             The game lasted 00:04:53 (1011 turns).

monsoonserge the Ducker (Meteoran Monk)             Turns: 1011, Time: 00:04:54

Health: 0/40       AC:  5    Str: 12    XL:     4   Next: 75%
Magic:  5/5        EV: 12    Int: 11    God:
Gold:   49         SH:  0    Dex: 19    Spells: 3/3 levels left

rFire   . . .        h - +0 rapier
rCold   . . .        d - orb {light}
rNeg    . . .        f - +0 ring mail
rPois   .            (no helmet)
rElec   .            (no cloak)
rCorr   .            (no gloves)
SInv    .            (no boots)
Will    .....        (no amulet)
Stlth   +            (no ring)
HPRegen 0.26/turn    (no ring)
MPRegen 0.09/turn

%: no passive effects
@: glowing, invisible (but backlit and visible)
A: sense surroundings 1, otherworldly, glowing, explore regen
a: no special abilities


You were on level 3 of the Dungeon.
You visited 1 branch of the dungeon, and saw 3 of its levels.

You collected 49 gold pieces.

Inventory:

Hand Weapons
 a - a +0 falchion
 h - a +0 rapier (weapon)
Missiles
 g - 5 poisoned darts (quivered)
Armour
 b - a +0 robe
 d - an orb of light (worn)
 f - a +0 ring mail (worn)
Scrolls
 e - 3 scrolls of identify {unknown}
 l - a scroll of vulnerability {unknown}
 m - a scroll of fear {unknown}
Potions
 c - a potion of ambrosia
 i - a potion of haste
 j - 2 potions of curing {unknown}
 k - 2 potions of invisibility
 n - a potion of mutation {unknown}


   Skills:
 + Level 3.9 Fighting
 + Level 1.0(2.6) Short Blades
 - Level 4.1(4.2) Long Blades
 + Level 1.7 Armour
 + Level 4.4 Dodging


You had 3 spell levels left.
You didn't know any spells.
Your spell library contained the following spells:

 Spells                   Type           Power      Damage    Failure   Level
 Sandblast                Erth           0%         2d4       61%         1
 Passwall                 Tmut/Erth      0%         N/A       75%         2
 Stone Arrow              Conj/Erth      0%         3d7       93%         3


Dungeon Overview and Level Annotations

Branches:
Dungeon (3/15) Zot: 792

Altars:
Xom

Annotations:
D:3 Robin


Innate Abilities, Weirdness & Mutations

You passively map a small area around you.
You are easily found by Zot.
You glow in the dark.
You regain HP and MP as you explore.


Message History

You hit the jackal.
The jackal is severely wounded.
The jackal completely misses you. The jackal barely misses you.
You hit the jackal but do no damage.
The jackal is severely wounded.
The jackal bites you but does no damage.
You hit the jackal but do no damage.
The jackal is severely wounded.
The jackal misses you. The jackal barely misses you.
You puncture the jackal!
You kill the jackal!
You see here a +0 hand axe.
There is a stone staircase leading up here.
Found a book of Geomancy. 3 goblins and 2 hobgoblins come into view.
The goblin shouts!
The hobgoblin shouts! x2
A goblin comes into view. It is wielding a +0 club.
The goblin shouts!
You hear a shout!
Robin of the Strong Arm comes into view.
They are wielding a +0 dagger.
You see here a book of Geomancy.
You pick up a book of Geomancy and begin reading...
You add the spells Sandblast, Passwall and Stone Arrow to your library.
Robin shouts!
You hear a shout!
Robin throws the goblin at you! The goblin attacks as you move away!
The goblin hits you but does no damage.
You are electrocuted!
The goblin attacks as you move away!
The goblin hits you with a +1 dagger of electrocution.
You barely miss the goblin.
The goblin hits you with a +1 dagger of electrocution.
You are electrocuted!
* * * LOW HITPOINT WARNING * * *
You hit the goblin.
The goblin is severely wounded.
The goblin hits you but does no damage.
Unknown command.
It was a potion of invisibility.
You become transparent, but the glow from your halo and body prevents you from becoming completely invisible.
The goblin hits you with a +1 dagger of electrocution.
You die...

* * * * * ,
##,* #####g# ,
###.###g.g....
,
#....#gg.g.g.#
* #.#
#g########
#####*#.# #@#
#.....#.# #.##
*
#.....#.##.#.##
,...
..........###.#
#.#*
.....#.##.#.##
#.# ...,
#.###.## #.# #
**#.# ### #.#
######.# #.#
#......#


You could see a hobgoblin and 2 goblins.

Vanquished Creatures
  A gnoll (D:1)
  An adder (D:2)
  A dart slug (D:2)
  6 ball pythons
  4 endoplasms
  A giant cockroach (D:1)
  4 goblins (D:1)
  4 hobgoblins
  6 jackals
  6 kobolds
  A quokka (D:2)
  A bat (D:1)
  4 frilled lizards
  5 rats (D:2)
45 creatures vanquished.

Notes
Turn   | Place    | Note
-------+----------+-------------------------------------------
     0 | D:1      | monsoonserge the Meteoran Monk began the quest for the Orb.
     0 | D:1      | Reached XP level 1. HP: 19/19 MP: 2/2
    57 | D:1      | Reached XP level 2. HP: 26/26 MP: 3/3
   130 | D:1      | Reached XP level 3. HP: 12/31 MP: 4/4
   133 | D:1      | HP: 1/31 [gnoll/+0 club (2)]
   253 | D:1      | Reached skill level 1 in Armour
   377 | D:2      | Found a shimmering altar of Xom.
   468 | D:2      | Reached XP level 4. HP: 40/40 MP: 5/5
   947 | D:3      | Reached skill level 1 in Short Blades
  1005 | D:3      | Noticed Robin
  1009 | D:3      | HP: 1/40 [goblin/+1 dagger of electrocution[Robin] (17)]
  1011 | D:3      | Slain by a goblin

Illustrated notes

Levels and vault maps discovered:
D:1:      dpeg_arrival_shrine, layout_rooms
D:2:      layout_loops_corners, basic_altar, hangedman_abyss_or_decor_stabs,
          minivault_23, chequers_serial_rivers_large_a, minmay_misc_feat_roman,
          kennysheep_crisscross
D:3:      layout_loops_ring, grunt_ministairs_1, minmay_box_of_dots, uniq_robin,
          uniq_ijyb

Skill      XL: |  1  2  3  4 |
---------------+-------------+-----
Dodging        | 4 |  4.4
Long Blades    | 4 |  4.1
Armour         | 1 |  1.7
Short Blades   | 1 |  1.0
Fighting       | |  3.9

Action                     |  1- 3 |  4- 6 || total
---------------------------+-------+-------++-------
  Melee: Falchion          |    50 |       ||    50
         Rapier            |    16 |    47 ||    63
    Use: Potion            |     1 |     1 ||     2
 Armour: Ring mail         |    28 |    20 ||    48
  Dodge: Dodged            |    34 |    30 ||    64
